 Dungeon Crawl Stone Soup version 0.21-a0-632-g1e37ce5 (webtiles) character file.

212 mortelune the Chopper (level 5, -1/50 HPs)
             Began as a Deep Dwarf Fighter on Dec 27, 2017.
             Slain by Nattefrost's ghost (5 damage)
             ... on level 3 of the Dungeon.
             The game lasted 00:16:38 (3156 turns).

mortelune the Chopper (Deep Dwarf Fighter)          Turns: 3156, Time: 00:16:38

Health: -1/50      AC:  9    Str: 20    XL:     5   Next: 58%
Magic:  4/4        EV:  5    Int:  9    God:
Gold:   78         SH:  9    Dex: 12    Spells: 4/4 levels left

rFire    . . .     SeeInvis .   a - +0 war axe
rCold    . . .     Gourm    .   c - +0 shield
rNeg     . . .     Faith    .   p - +0 chain mail
rPois    .         Spirit   .   (no helmet)
rElec    .         Reflect  .   (no cloak)
rCorr    .         Harm     .   (no gloves)
MR       .....                  (no boots)
Stlth    ..........             (no amulet)
HPRegen  0.00/turn              k - ring of flight
MPRegen  0.09/turn              (no ring)

@: non-regenerating
A: damage resistance, heal wounds, sense surroundings 1, no regeneration
a: Heal Wounds, Evoke Flight


You were on level 3 of the Dungeon.
You were not hungry.

You visited 1 branch of the dungeon, and saw 3 of its levels.
You also visited: Sewer.

You collected 78 gold pieces.

Inventory:

Hand Weapons
 a - a +0 war axe (weapon)
Missiles
 e - 40 stones (quivered)
Armour
 b - a +0 scale mail
 c - a +0 shield (worn)
 p - a +0 chain mail (worn)
Jewellery
 k - a ring of flight (left hand)
Wands
 l - a wand of scattershot (3)
Scrolls
 h - a scroll of enchant weapon {unknown}
 i - 2 scrolls of teleportation
 j - a scroll of remove curse
 m - a scroll of fog {unknown}
 o - a scroll of enchant armour
Potions
 d - 4 potions of might
 g - a potion of lignification
 n - a potion of mutation
 q - 3 potions of heal wounds {unknown}
 r - 5 potions of curing {unknown}
 s - 5 potions of agility
 t - a potion of flight {unknown}
Comestibles
 f - a ration
 u - 4 chunks of flesh


   Skills:
 + Level 3.7 Fighting
 * Level 4.8 Axes
 + Level 4.4 Armour
 - Level 3.2 Shields


You had 4 spell levels left.
You didn't know any spells.

Dungeon Overview and Level Annotations

Branches:
Dungeon (3/15)

Altars:
Qazlal
Wu Jian

Annotations:
D:3 Nattefrost's ghost, amateur MfAr


Innate Abilities, Weirdness & Mutations

You are resistant to damage.
You can heal yourself by infusing magical energy.
You passively map a small area around you.
You do not regenerate.


Message History

Nattefrost's ghost hits you!
* * * LOW HITPOINT WARNING * * *
x2
Okay, then.
Your magical essence is drained by the effort!
You feel much better. Nattefrost's ghost barely misses you.
You hit Nattefrost's ghost.
Nattefrost's ghost is lightly damaged.
Nattefrost's ghost says, "One skewered Dwarf, coming right up."
Nattefrost's ghost hits you!
You barely miss Nattefrost's ghost.
Nattefrost's ghost is lightly damaged.
Nattefrost's ghost hits you!
* * * LOW HITPOINT WARNING * * *
x2 You hit Nattefrost's ghost.
Nattefrost's ghost is moderately damaged.
Nattefrost's ghost grins evilly.
Nattefrost's ghost hits you.
* * * LOW HITPOINT WARNING * * *
Nattefrost's ghost hits you.
You die...

.....##≈≈≈≈≈##.# #....≈≈..≈..≈≈.#
#....≈≈.....≈≈.##
###..≈≈.....≈≈..##### ###########
#..≈≈.....≈≈..#...###...#......
#..≈≈.....≈≈.......##........#.
##..##≈≈.≈≈##...................
##...##≈≈.≈≈##.........####.####.
#..>≈.÷).....≈.W@......##.....##
.......##..#####.......#.......#
###.##.###.# ##...#..#.......#
.....#....# ##.##......_.....
######.##### * #.))..#.......#.
*,#*,, , #####.#...W...#. * ,* **
* #.##.....##. * *,* #.####.####.
, , #.., .... .


You could see Nattefrost's ghost.

Vanquished Creatures
  7 adders
  2 river rats (Sewer)
  An ooze (D:1)
  6 worms
  A dart slug (D:2)
  A leopard gecko (D:2)
  5 orcs
  5 ball pythons
  5 bats
  2 giant cockroaches
  8 goblins
  8 hobgoblins
  A quokka (D:2)
  6 frilled lizards
  25 kobolds
  30 rats
113 creatures vanquished.

Notes
Turn   | Place    | Note
-------+----------+-------------------------------------------
     0 | D:1      | mortelune the Deep Dwarf Fighter began the quest for the Orb.
     0 | D:1      | Reached XP level 1. HP: 20/20 MP: 1/1
    81 | D:1      | Reached XP level 2. HP: 27/27 MP: 2/2
  1327 | D:2      | Reached XP level 3. HP: 27/34 MP: 3/3
  1481 | D:2      | Noticed a water elemental
  1498 | D:2      | Found a stormy altar of Qazlal.
  1556 | D:2      | Noticed an earth elemental
  1559 | D:2      | Noticed an air elemental
  1559 | D:2      | Noticed a fire elemental
  1854 | D:2      | Reached XP level 4. HP: 29/42 MP: 4/4
  2012 | D:3      | Noticed Nattefrost's ghost (amateur MfAr)
  2343 | D:3      | Found a glowing drain.
  2371 | Sewer    | Entered a sewer
  2556 | Sewer    | Reached XP level 5. HP: 16/49 MP: 5/5
  3051 | D:3      | Found an ornate altar of the Wu Jian Council.
  3156 | D:3      | Slain by Nattefrost's ghost

Vault maps used:
D:1:      giann_wishing_wells, minivault_27, hangedman_decor_push
D:2:      nicolae_qazlal_style_of_elements, grunt_ministairs_4
D:3:      old_standard_altar, cheibrodos_sewer_entry_sluice,
          uniq_crazy_yiuf_cottage
Sewer:    sewer_minmay_treatment

Skill      XL: |  1  2  3  4 |
---------------+-------------+-----
Axes           | 3 4 |  4.8
Fighting       | 3 |  3.7
Armour         | 4 |  4.4
Shields        | |  3.2

Action                   |  1- 3 |  4- 6 || total
-------------------------+-------+-------++-------
Melee: War axe           |   128 |   201 ||   329
Throw: Stone             |     6 |    27 ||    33
 Abil: Heal Wounds       |       |     3 ||     3
  Use: Scroll            |     4 |     2 ||     6
  Eat: Chunk             |     3 |     5 ||     8
Armor: Scale mail        |    57 |    22 ||    79
       Chain mail        |       |    91 ||    91
Dodge: Dodged            |    50 |    42 ||    92
Block: Shield            |    50 |   107 ||   157

Table legend:
 A = Spawn XP
 B = Non-spawn XP
 C = Spawn XP percentage of total XP
 D = Spawn monster count
 E = Non-spawn monster count
 F = Spawn count percentage of total count
 G = Total turns spent on level
                    A         B        C        D         E        F      G
               +---------+---------+-------+---------+---------+-------+---------
         Total |       0 |     304 |   0.0 |       0 |     113 |   0.0 |  3156
               +---------+---------+-------+---------+---------+-------+---------
           D:1 |       0 |      39 |   0.0 |       0 |      21 |   0.0 |  1316
           D:2 |       0 |      63 |   0.0 |       0 |      24 |   0.0 |   717
           D:3 |       0 |      81 |   0.0 |       0 |      20 |   0.0 |   464
         Sewer |       0 |     121 |   0.0 |       0 |      48 |   0.0 |   659
               +---------+---------+-------+---------+---------+-------+---------
